 Dungeon Crawl Stone Soup version 0.21.1-1-g345015f (webtiles) character file.

483 mike2R the Ducker (level 6, -10/28 HPs)
             Began as a Spriggan Enchanter on June 14, 2018.
             Mangled by Kagorn's ghost (14 damage)
             ... on level 4 of the Dungeon on June 15, 2018.
             The game lasted 00:36:22 (5114 turns).

mike2R the Ducker (Spriggan Enchanter)              Turns: 5114, Time: 00:36:23

Health: -10/28     AC:  6    Str:  4    XL:     6   Next: 87%
Magic:  1/13       EV: 23    Int: 16    God:
Gold:   138        SH:  0    Dex: 19    Spells: 2/13 levels left

rFire    . . .     SeeInvis +   a - +1 dagger
rCold    . . .     Gourm    .   (shield restricted)
rNeg     . . .     Faith    .   q - +0 robe
rPois    .         Spirit   .   (helmet restricted)
rElec    .         Reflect  .   (no cloak)
rCorr    .         Harm     .   (gloves unavailable)
MR       +....                  (boots unavailable)
Stlth    +++.......             (no amulet)
HPRegen  0.09/turn              t - ring of see invisible
MPRegen  0.13/turn              m - +4 ring of protection

@: very quick
A: very small, unfitting armour, see invisible, herbivore, speed 3, slow
metabolism 2
a: no special abilities


You were on level 4 of the Dungeon.
You were not hungry.

You visited 1 branch of the dungeon, and saw 4 of its levels.
You also visited: Ossuary.

You collected 138 gold pieces.

Inventory:

Hand Weapons
 a - a +1 dagger (weapon)
 v - a +0 hunting sling
Missiles
 i - 29 arrows
 j - 30 bolts
 r - 89 stones (quivered)
Armour
 q - a +0 robe (worn)
Magical Staves
 b - an uncursed staff of energy
Jewellery
 e - an uncursed ring of flight
 m - a +4 ring of protection (right hand)
 t - a ring of see invisible (left hand)
Wands
 s - a wand of disintegration (14)
Scrolls
 n - 2 scrolls of remove curse
 p - 2 scrolls of fog
 w - 2 scrolls of amnesia
Potions
 f - a potion of mutation
 g - a potion of resistance
 h - a potion of haste {unknown}
 k - a potion of curing
 l - 2 potions of lignification
 o - 2 potions of might {unknown}
 z - a potion of heal wounds {unknown}
Books
 c - a book of Maledictions

   Spells                             Type                      Level
   a - Corona                         Hexes                        1
   b - Ensorcelled Hibernation        Hexes/Ice                    2
   c - Confuse                        Hexes                        3
   d - Tukima's Dance                 Hexes                        3
   e - Dazzling Spray                 Conjuration/Hexes            3
 u - a book of Minor Magic

   Spells                             Type                      Level
   a - Magic Dart                     Conjuration                  1
   b - Blink                          Translocation                2
   c - Call Imp                       Summoning                    2
   d - Slow                           Hexes                        2
   e - Conjure Flame                  Conjuration/Fire             3
   f - Mephitic Cloud                 Conjuration/Poison/Air       3
Comestibles
 d - 5 rations


   Skills:
 - Level 3.9 Short Blades
 - Level 7.2 Dodging
 - Level 5.7 Stealth
 - Level 4.1 Spellcasting
 - Level 3.6 Hexes
 - Level 2.8 Translocations
 + Level 0.0 Evocations


You had 2 spell levels left.
You knew the following spells:

 Your Spells              Type           Power        Failure   Level  Hunger
a - Corona                Hex            ##.....      3%          1    None
b - Ensorcelled Hibernat  Hex/Ice        #.....       12%         2    ##.....
c - Blink                 Tloc           N/A          8%          2    ##.....
d - Tukima's Dance        Hex            ##......     11%         3    ###....
e - Confuse               Hex            ##......     11%         3    ###....


Dungeon Overview and Level Annotations

Branches:
Dungeon (4/15)
 Temple: D:4-7

Altars:

Annotations:
D:4 Kagorn's ghost, amateur HOFi


Innate Abilities, Weirdness & Mutations

You are very small and have problems with some larger weapons.
You are too small for most types of armour.
You have supernaturally acute eyesight. (SInv)
You are a herbivore.
You cover ground extremely quickly.
You need consume almost no food.


Message History

Aim: Kagorn's ghost (severely damaged, confused, chance to defeat MR: 33%) Kagorn's ghost is outlined in light.
You hit Kagorn's ghost but do no damage.
Kagorn's ghost is severely damaged.
You hit Kagorn's ghost but do no damage.
Kagorn's ghost is severely damaged.
Kagorn's ghost hits you!!
Ouch! That really hurt!
* * * LOW HITPOINT WARNING * * *
Your magical contamination has completely faded away.
You hit Kagorn's ghost but do no damage.
Kagorn's ghost is severely damaged.
You catch the helpless Kagorn's ghost completely off-guard!
You puncture Kagorn's ghost!
Kagorn's ghost is almost destroyed.
You hit Kagorn's ghost but do no damage.
Kagorn's ghost is almost destroyed.
Kagorn's ghost hits you!
Ouch! That really hurt!
You die...

##### #...###### ###
#........# ##.##
#..##.#..#
##.#.##########......#.#
#.###..........W.......#
##.#.##########.@......#
##.## #........# #.#
#........# #.#
#####..#.# *** #.#
##...# **,***** ##.#####
###.# *,,,,,,, #......#
#.# **,,,,,, ##.###.#
#.# *,,***, ### #.#
******####.# #..# *,


You could see Kagorn's ghost (confused).

Vanquished Creatures
  2 elf zombies (Ossuary)
  2 human zombies (Ossuary)
  2 centaur zombies (Ossuary)
  An orc priest (D:3)
  Natasha (D:2)
  A big kobold zombie (Ossuary)
  2 mummies (Ossuary)
  3 adders (D:3)
  3 worms
  2 dart slugs
  A leopard gecko (D:3)
  4 orcs (D:3)
  10 bats
  4 giant cockroaches
  8 goblins
  5 hobgoblins
  4 jackals (D:3)
  2 quokkas (D:3)
  4 frilled lizards
  5 hobgoblin zombies (Ossuary)
  2 jackal zombies (Ossuary)
  5 kobolds
  13 kobold zombies (Ossuary)
  8 orc zombies (Ossuary)
  4 rats
  2 rat zombies (Ossuary)
100 creatures vanquished.

Vanquished Creatures (others)
  2 dancing weapons (D:3)
2 creatures vanquished.

Grand Total: 102 creatures vanquished

Notes
Turn   | Place    | Note
-------+----------+-------------------------------------------
     0 | D:1      | mike2R the Spriggan Enchanter began the quest for the Orb.
     0 | D:1      | Reached XP level 1. HP: 9/9 MP: 5/5
   262 | D:1      | Reached XP level 2. HP: 7/13 MP: 3/6
   267 | D:1      | Learned a level 2 spell: Ensorcelled Hibernation
   947 | D:1      | Reached skill level 5 in Stealth
  1480 | D:2      | Learned a level 2 spell: Blink
  1505 | D:2      | Reached XP level 3. HP: 16/16 MP: 8/8
  1737 | D:2      | Reached skill level 1 in Translocations
  1918 | D:2      | Learned a level 3 spell: Tukima's Dance
  1938 | D:2      | Noticed Natasha
  1943 | D:2      | Killed Natasha
  2153 | D:3      | Reached XP level 4. HP: 21/21 MP: 10/10
  2963 | D:3      | Reached XP level 5. HP: 21/24 MP: 1/11
  3571 | D:4      | Noticed Kagorn's ghost (amateur HOFi)
  3585 | D:4      | Found a sand-covered staircase.
  3592 | Ossuary  | Entered an ossuary
  4189 | Ossuary  | Learned a level 3 spell: Confuse
  4204 | Ossuary  | Reached skill level 4 in Dodging
  4396 | Ossuary  | Reached XP level 6. HP: 17/28 MP: 1/13
  4430 | Ossuary  | Reached skill level 5 in Dodging
  4726 | Ossuary  | Reached skill level 6 in Dodging
  4860 | Ossuary  | Reached skill level 7 in Dodging
  5114 | D:4      | Mangled by Kagorn's ghost

Skill      XL: |  1  2  3  4  5  6 |
---------------+-------------------+-----
Short Blades   | 2 3 |  3.9
Stealth        | 5 |  5.7
Translocations | 2 |  2.8
Spellcasting   | 3 4 |  4.1
Dodging        | 4 7 |  7.2
Hexes          | |  3.6

Action                   |  1- 3 |  4- 6 || total
-------------------------+-------+-------++-------
Melee: Dagger            |    77 |   436 ||   513
 Fire: Hunting sling     |       |     1 ||     1
 Cast: Corona            |    19 |    55 ||    74
       Ensorcelled Hiber |    17 |    22 ||    39
       Tukima's Dance    |     1 |     3 ||     4
       Blink             |     1 |       ||     1
       Confuse           |       |    23 ||    23
Evoke: Staff of energy   |       |     2 ||     2
  Use: Scroll            |       |    10 ||    10
       Potion            |       |     2 ||     2
 Stab: Sleeping          |    17 |    25 ||    42
       Confused          |       |    13 ||    13
       Distracted        |       |     1 ||     1
  Eat: Ration            |       |     4 ||     4
Armor: Robe              |     6 |    66 ||    72
       Skin              |       |    69 ||    69
Dodge: Dodged            |    60 |   276 ||   336
